 Dungeon Sprint DCSS version 0.21.1-1-g345015f (webtiles) character file.

296 wilfster70 the Grappler (level 6, -1/53 HPs)
             Began as a Troll Wizard on June 12, 2018.
             Was an Initiate of Vehumet.
             Slain by a human
             ... wielding a +0 whip
              (7 damage)
             ... in the Dungeon (Sprint III: "The Ten Rune Challenge").
             The game lasted 00:02:23 (277 turns).

wilfster70 the Grappler (Troll Wizard)               Turns: 277, Time: 00:02:24

Health: -1/53      AC:  5    Str: 18    XL:     6   Next: 12%
Magic:  8/8        EV: 11    Int: 14    God:    Vehumet [......]
Gold:   25         SH:  0    Dex:  6    Spells: 8/9 levels left

rFire    . . .     SeeInvis .     - Unarmed
rCold    + . .     Gourm    +   (no shield)
rNeg     . . .     Faith    .   a - +0 robe
rPois    .         Spirit   .   b - +0 hat
rElec    .         Reflect  .   (no cloak)
rCorr    .         Harm     .   (gloves unavailable)
MR       .....     NoTele   +   (boots unavailable)
Stlth    +.........             (no amulet)
HPRegen  0.57/turn              (no ring)
MPRegen  0.11/turn              (no ring)

@: no status effects
A: large, unfitting armour, claws 3, hooves 1, blink, clumsy 1, cold resistance
1, fast metabolism 3, gourmand, regeneration 1, shaggy fur 1, tough skin 2
a: Blink, Renounce Religion


You were in the Dungeon.
You worshipped Vehumet.
Vehumet was noncommittal.
You were full.

You visited 1 branch You collected 25 gold pieces.

Inventory:

Armour
 a - a +0 robe (worn)
 b - a +0 hat (worn)
Scrolls
 j - a scroll of blinking
 l - a scroll of holy word {unknown}
 m - 2 scrolls of identify
 n - 2 scrolls of remove curse {unknown}
 p - a scroll of torment {unknown}
Potions
 e - 3 potions of curing
 g - a potion of haste
 h - 2 potions of magic
 i - a potion of berserk rage
 k - 2 potions of mutation
 o - a potion of flight {unknown}
Books
 c - a book of Minor Magic

   Spells                             Type                      Level
   a - Magic Dart                     Conjuration                  1
   b - Blink                          Translocation                2
   c - Call Imp                       Summoning                    2
   d - Slow                           Hexes                        2
   e - Conjure Flame                  Conjuration/Fire             3
   f - Mephitic Cloud                 Conjuration/Poison/Air       3
 q - a book of Misfortune

   Spells                             Type                      Level
   a - Confusing Touch                Hexes                        1
   b - Confuse                        Hexes                        3
   c - Gell's Gravitas                Translocation                3
   d - Petrify                        Transmutation/Earth          4
   e - Metabolic Englaciation         Hexes/Ice                    5
   f - Yara's Violent Unravelling     Hexes/Transmutation          5
 r - a book of Cantrips

   Spells                             Type                      Level
   a - Confusing Touch                Hexes                        1
   b - Animate Skeleton               Necromancy                   1
   c - Summon Small Mammal            Summoning                    1
   d - Apportation                    Translocation                1
Comestibles
 d - 4 rations


   Skills:
 + Level 7.8 Dodging
 - Level 1.0 Stealth
 + Level 9.0 Unarmed Combat
 - Level 2.0 Spellcasting
 - Level 0.6 Conjurations
   Level 0.6 Summonings
   Level 0.6 Translocations


You had 8 spell levels left.
You knew the following spells:

 Your Spells              Type           Power        Failure   Level  Hunger
a - Magic Dart            Conj           #...         19%         1    ##.....


Dungeon Overview and Level Annotations

Branches:
Dungeon (1/1)

Altars:
Kikubaaqudgha
Okawaru
Sif Muna
Trog
Uskayaw
Vehumet
Wu Jian
Beogh


Innate Abilities, Weirdness & Mutations

You are too large for most types of armour.
You have claws for hands.
Your metabolism is lightning-fast.
You like to eat raw meat.
Your natural rate of healing is unusually fast.
You are covered in fur. (AC +1)
You have very tough skin. (AC +2)
You have large cloven feet.
You can translocate small distances at will.
You are clumsy. (Dex -2)
Your flesh is cold resistant. (rC+)


Message History

You completely miss the human. Your kick misses the human.
The human is almost dead.
The human barely misses you.
The human hits you but does no damage. x2
You scratch the human but do no damage.
The human is almost dead.
The human hits you with a whip!
* * * LOW HITPOINT WARNING * * *
The human hits you but does no damage.
You scratch the human.
You kill the human!
Vehumet accepts your kill.
Your Dodging skill increases to level 7!
Your Unarmed Combat skill gained 2 levels and is now at level 9!
You have reached level 6!
Your experience leads to an increase in your attributes!
Your base attributes are Str 16, Int 14, Dex 8.
Increase (S)trength, (I)ntelligence, or (D)exterity?
You feel stronger. x2
The human hits you with a whip!
You die...

<.#..'.....♣ ♣.# #####
..#..#....♣.♣ ♣.# #_p_#
#'####....♣♣ ♣.# #__.
.....#....≈♣♣♣♣♣.###+#'###+##
.....#...≈≈♣.♣.♣.#..........#
....[#..≈≈≈≈♣♣...'.⌠........#
####'#..≈≈≈≈≈≈♣♣.#...######+#
)....#.≈≈≈≈≈≈..p.#.⌠.#
....[#.≈≈≈≈≈....@#...#
.....#.≈≈≈.......#'###
'#####...........#)).#
..........÷......#___#
▓▓▓▓▓▓▓▓▓▓▓▓▓▓▓▓▓▓▓▓▓▓


You could see a human (berserk).

Vanquished Creatures
  A water elemental (D)
  A wizard (D)
  Jessica (D)
  2 humans (D)
  A kobold demonologist (D)
  A phantom (D)
  2 rats (D)
9 creatures vanquished.

Vanquished Creatures (others)
  6 hellions (D)
  A yaktaur (D)
  A plant (D)
8 creatures vanquished.

Grand Total: 17 creatures vanquished

Notes
Turn   | Place    | Note
-------+----------+-------------------------------------------
     0 | D        | wilfster70 the Troll Wizard began the quest for the Orb.
     0 | D        | Reached XP level 1. HP: 16/16 MP: 2/2
     8 | D        | Reached skill level 1 in Unarmed Combat
    16 | D        | Noticed Jessica
    20 | D        | Killed Jessica
    20 | D        | Reached skill level 3 in Unarmed Combat
    20 | D        | Reached XP level 2. HP: 24/24 MP: 4/4
    54 | D        | Killed a yaktaur
    66 | D        | Reached skill level 4 in Unarmed Combat
    66 | D        | Reached XP level 3. HP: 15/31 MP: 0/5
    87 | D        | Killed a hellion
    88 | D        | Killed a hellion
    88 | D        | Killed a hellion
   138 | D        | Killed a hellion
   138 | D        | Killed a hellion
   141 | D        | Killed a hellion
   147 | D        | Gained mutation: Armour fits poorly on your strangely shaped body. [potion of mutation]
   147 | D        | Gained mutation: You can translocate small distances at will. [potion of mutation]
   148 | D        | Lost mutation: Armour fits poorly on your strangely shaped body. [potion of mutation]
   148 | D        | Gained mutation: You have large cloven feet. [potion of mutation]
   148 | D        | Gained mutation: You are clumsy. (Dex -2) [potion of mutation]
   148 | D        | Gained mutation: Your flesh is cold resistant. (rC+) [potion of mutation]
   165 | D        | Noticed a water elemental
   172 | D        | Killed a water elemental
   172 | D        | Reached skill level 5 in Dodging
   172 | D        | Reached skill level 6 in Unarmed Combat
   172 | D        | Reached XP level 4. HP: 14/39 MP: 6/6
   226 | D        | Found a radiant altar of Vehumet.
   226 | D        | Found a deep blue altar of Sif Muna.
   226 | D        | Found an ancient bone altar of Kikubaaqudgha.
   226 | D        | Noticed a wizard
   230 | D        | Killed a wizard
   235 | D        | Reached skill level 7 in Unarmed Combat
   235 | D        | Reached XP level 5. HP: 36/45 MP: 7/7
   241 | D        | Became a worshipper of Vehumet
   255 | D        | Found a hide-covered altar of Uskayaw.
   255 | D        | Found a roughly hewn altar of Beogh.
   255 | D        | Found an iron altar of Okawaru.
   255 | D        | Found a bloodstained altar of Trog.
   255 | D        | Found an ornate altar of the Wu Jian Council.
   255 | D        | Noticed a human
   256 | D        | Noticed a human
   277 | D        | Killed a human
   277 | D        | Reached skill level 9 in Unarmed Combat
   277 | D        | Reached XP level 6. HP: 6/53 MP: 8/8
   277 | D        | Slain by a human

Skill      XL: |  1  2  3  4  5 |
---------------+----------------+-----
Dodging        | 3 4 5 6 7 |  7.8
Unarmed Combat | 3 4 6 7 9 |  9.0
Stealth        | |  1.0
Spellcasting   | |  2.0
Conjurations   | |  0.6
Summonings     | |  0.6
Translocations | |  0.6

Action                   |  1- 3 |  4- 6 || total
-------------------------+-------+-------++-------
Melee: Unarmed           |    21 |    19 ||    40
       Kick              |     2 |     5 ||     7
 Cast: Magic Dart        |     4 |       ||     4
  Use: Potion            |     2 |     1 ||     3
       Scroll            |     1 |       ||     1
 Stab: Sleeping          |     1 |       ||     1
  Eat: Chunk             |     5 |       ||     5
Armor: Robe              |     4 |     5 ||     9
Dodge: Dodged            |     5 |    16 ||    21
